 Dungeon Crawl Stone Soup version 0.17-a0-1078-g243345b (webtiles) character file.

330410 eDNA the Phalangite (level 21, -4/168 HPs)
             Began as a Merfolk Skald on May 18, 2015.
             Was an Elder of Okawaru.
             Slain by a stone giant (7 damage)
             ... on level 15 of the Dungeon.
             The game lasted 03:56:43 (46353 turns).

eDNA the Phalangite (Merfolk Skald)                Turns: 46353, Time: 03:56:43

Health: -4/168     AC: 16    Str: 15    XL:     21   Next: 74%
Magic:  38/45      EV: 33    Int: 20    God:    Okawaru [****..]
Gold:   3183       SH:  8    Dex: 23    Spells: 9 memorised, 17 levels left

rFire  . . .     SeeInvis +     l - +4 bardiche "Kuthisui" {distort, rC+ MP+9 Int-3 SInv}
rCold  + + .     Clarity  .     d - +3 leather armour {rC+}
rNeg   + . .     SustAb   .     (no shield)
rPois  +         Gourm    .     X - +2 hat {MR+}
rElec  .         Spirit   .     b - +2 cloak {+Inv}
rCorr  .         Warding  .     W - +1 pair of gloves of Inviolability {*Confuse rPois Dex+8 Stlth-}
rMut   .         Stasis   .     r - +0 pair of boots of Jofemo {Int+2}
MR     +++..                    s - amulet of faith
Stlth  +.........               k - +5 ring of slaying
                                K - ring "Keit" {rN+ MR+ Int+4}

@: icy shield, very slightly contaminated, repel missiles, extremely resistant
to hostile enchantments, very unstealthy
A: change form in water, swift swim, rugged brown scales 1, wild magic 1
a: Heroism, Renounce Religion, Evoke Invisibility
}: 2/15 runes: barnacled, gossamer


You were on level 15 of the Dungeon.
You worshipped Okawaru.
Okawaru was greatly pleased with you.
You were not hungry.

You visited 8 branches of the dungeon, and saw 41 of its levels.
You also visited: Labyrinth, Trove, Sewer, Ossuary and Volcano.

You collected 4176 gold pieces.
You spent 875 gold pieces at shops.

Inventory:

Hand weapons
 l - the +4 bardiche "Kuthisui" (weapon) {distort, rC+ MP+9 Int-3 SInv}
   (Okawaru gifted it to you on level 8 of the Dungeon)

   It warps and distorts space around it.
   Unwielding it can cause banishment or high damage.
   It affects your intelligence (-3).
   It protects you from cold.
   It affects your magic capacity (+9).
   It lets you see invisible.
 z - a +3 bardiche of venom
Armour
 b - a +2 cloak of invisibility (worn)
 d - a +3 leather armour of cold resistance (worn)
 r - the +0 pair of boots of Jofemo (worn) {Int+2}
   (Okawaru gifted it to you on level 2 of the Shoals)

   It affects your intelligence (+2).
 W - the +1 pair of gloves of Inviolability (worn) {*Confuse rPois Dex+8 Stlth-}
   (Okawaru gifted it to you on level 6 of the Lair of Beasts)

   It affects your dexterity (+8).
   It protects you from poison.
   It may confuse you when you take damage.
   It makes you less stealthy.
 X - a +2 hat of magic resistance (worn)
Jewellery
 k - a +5 ring of slaying (right hand)
 n - an uncursed ring of wizardry
 p - an uncursed ring of poison resistance
 s - an amulet of faith (around neck)
 u - an uncursed ring of protection from cold
 w - an uncursed amulet of clarity
 G - an uncursed ring of teleportation
 K - the ring "Keit" (left hand) {rN+ MR+ Int+4}
   (You took it off an orc on level 12 of the Dungeon)

   [ring of positive energy]

   It affects your intelligence (+4).
   It protects you from negative energy.
   It affects your resistance to hostile enchantments.
 T - an uncursed ring of fire
Magical devices
 g - a wand of digging (14)
 j - a wand of paralysis (8)
 x - a wand of teleportation (3)
 y - a wand of lightning (9)
 B - a wand of digging (14)
 F - a wand of fireball (7)
 H - a wand of cold (4)
 P - a wand of disintegration (11)
 Q - a wand of draining (8)
 U - a wand of digging (14)
 Y - a wand of heal wounds (6)
Scrolls
 h - 4 scrolls of enchant armour
 o - 9 scrolls of immolation
 q - 14 scrolls of remove curse
 A - a scroll of holy word
 E - 6 scrolls of amnesia
 J - 11 scrolls of recharging
 M - 2 scrolls of teleportation
 R - 4 scrolls of identify
 S - 2 scrolls of fear
 Z - 9 scrolls of magic mapping
Potions
 e - 6 potions of flight
 i - 6 potions of curing
 m - a potion of magic
 v - 5 potions of heal wounds
 C - 5 potions of haste
 D - 6 potions of berserk rage
 O - a potion of resistance
Miscellaneous
 a - a lamp of fire
 f - a disc of storms
 t - a phantom mirror
 L - a phial of floods
 V - a sack of spiders
Comestibles
 I - 21 bread rations
 N - 19 beef jerkies


   Skills:
 * Level 13.6 Fighting
 - Level 26.0 Polearms
 + Level 7.0 Armour
 + Level 21.7 Dodging
 - Level 11.5 Spellcasting
 - Level 15.7 Charms
 - Level 1.4 Translocations
 + Level 7.2 Ice Magic
 - Level 6.0 Invocations
 * Level 12.3 Evocations


You had 17 spell levels left.
You knew the following spells:

 Your Spells              Type           Power        Failure   Level  Hunger
a - Infusion              Chrm           ######       1%          1    None
b - Shroud of Golubria    Chrm/Tloc      ######....   2%          2    None
c - Regeneration          Chrm/Necr      ######....   3%          3    None
d - Repel Missiles        Chrm/Air       ######       2%          2    None
e - Spectral Weapon       Hex/Chrm       ######..     3%          3    None
f - Blink                 Tloc           N/A          16%         2    None
g - Ozocubu's Armour      Chrm/Ice       ######..     1%          3    None
h - Haste                 Chrm           #######.     4%          6    ######.
i - Condensation Shield   Ice            ######....   9%          4    #......


Dungeon Overview and Level Annotations

Branches:
Dungeon (15/15)            Temple (1/1) D:4            Lair (8/8) D:11
 Shoals (4/4) Lair:5       Spider (4/4) Lair:3        Slime (0/6) Lair:7
    Orc (4/4) D:12            Elf (0/3) Orc:4        Vaults (4/5) D:13
  Crypt (0/3) Vaults:2     Depths (1/5) D:15

Altars:
Ashenzari
Cheibriados
Dithmenos
Elyvilon
Fedhas
Gozag
Kikubaaqudgha
Makhleb
Nemelex Xobeh
Okawaru
Qazlal
Ru
Sif Muna
Trog
Vehumet
Xom
Yredelemnul
Zin
The Shining One
Beogh
Jiyva

Shops:
D:11 }   Orc:4 ((!!

Annotations:
Lair:1 exclusion: oklob plant
Lair:8 hyperkellhus's ghost, powerful GrCK
Orc:1 Erolcha
Orc:2 exclusion: upstairs
Abyss:1 Fannar; Ilsuiw; Kirke; Roxanne; Snorg


Innate Abilities, Weirdness & Mutations

You revert to your normal form in water.
You are very nimble and swift while swimming.
You are partially covered in rugged brown scales (AC +1, +3% HP).
Your spells are a little harder to cast, but a little more powerful.


Message History

Unknown command.
Unknown command.
Casting: Spectral Weapon
Confirm with . or Enter, or press ? or * to list all spells.
You miscast Blink.
Your skin tingles.
Your icy shield starts to melt.
The deep troll shaman disappears!
You block the deep troll's attack. The deep troll closely misses you.
You block the deep troll's attack. The stone giant closely misses you.
Casting: Blink
Confirm with . or Enter, or press ? or * to list all spells.
You miscast Blink.
You feel uncomfortable. The deep troll bites you!!
* * * LOW HITPOINT WARNING * * *
You block the deep troll's attack. The deep troll claws you.
* * * LOW HITPOINT WARNING * * *
The deep troll barely misses you. You block the deep troll's attack.
The deep troll claws you!
* * * LOW HITPOINT WARNING * * *
The stone giant hits you!
You die...

#.#.##....#....##..#.'...........
..####....#.#..#.....#...........
..#.##.##(#..8.......#...........
..#.##.##.#.......P.P............
..#.##.##..P..........P##########
#.#.#####.......PP..)..##########
#.#....###.8.P...................
#.#....###.....))T...............
..#.##.##.......@§......#########
..####.##......CP...÷P...........
#.#.......P...........÷..........
#.####.###...8..8P...............
..#.##.###..P........[÷###..#..#.
..#.......#..P...PP8.P.....###...
..#.#####.##P[.....P.#......#....
..#.#####.#...##'#####...........
#.#....##.#.#.#...# #...........


You could see a stone giant and a deep troll.

Vanquished Creatures
  Saint Roka (Orc:3)
  Nikola (Shoals:2)
  Jorgrun (Shoals:2)
  Rupert (Spider:1)
  Asterion (Spider:1)
  A lich (Vaults:3)
  2 krakens (Shoals:4)
  Gastronok (D:8)
  A storm dragon (Vaults:4)
  4 fire giants
  Donald (Vaults:3)
  Maud (Lair:7)
  2 frost giants
  2 emperor scorpions (Spider:4)
  4 ghost moths
  4 vault wardens
  8 ironheart preservers
  2 rakshasas (Depths:1)
  2 very ugly things (D:15)
  A deep elf demonologist (Vaults:1)
  5 stone giants
  The ghost of WhatIsLove the Summoner, a powerful HOSu of Beogh (Orc:4)
  3 merfolk javelineers
  A jiangshi (Vaults:2)
  2 vault guards (Vaults:2)
  6 merfolk impalers (Shoals:4)
  5 ettins
  Josephine (Lair:7)
  6 ogre magi
  Harold (Orc:1)
  9 yaktaur captains
  5 hydras
  2 great orbs of eyes
  2 merfolk avatars
  An entropy weaver (Spider:1)
  6 merfolk aquamancers
  The ghost of Narqulie the Cleaver, an experienced HOBe of Trog (Lair:1)
  7 centaur warriors
  12 death yaks
  2 vampire magi (Vaults:2)
  4 deep troll earth magi
  3 satyrs
  A catoblepas (D:13)
  2 tengu warriors (D:15)
  Urug (Lair:4)
  3 orc high priests (Orc:4)
  A fire crab (Vaults:1)
  A deep troll shaman (Depths:1)
  7 deep trolls
  A soul eater (Orc:4)
  A storm dragon skeleton (Vaults:3)
  The ghost of nago the Carver, an experienced DsGl of Makhleb (D:6)
  3 skeletal warriors (D:15)
  3 flayed ghosts
  8 sea snakes
  6 ironbrand convokers
  2 unseen horrors (D:15)
  A sea snake (shapeshifter) (D:15)
  An ice devil (Orc:4)
  8 hill giants
  9 orc knights
  A phantasmal warrior (D:12)
  25 harpies
  4 deep elf conjurers
  4 necromancers
  6 wolf spider zombies
  A shining eye (shapeshifter) (Vaults:1)
  11 orb spiders
  5 cyclopes
  9 griffons
  31 ugly things
  A rust devil (Vaults:2)
  6 orc sorcerers
  A water nymph (shapeshifter) (Vaults:2)
  5 hornets
  12 fauns
  3 black mambas
  9 elephants
  10 water nymphs
  15 wolf spiders
  The ghost of wvc the Sneak, an experienced OpAs of Dithmenos (D:5)
  9 sirens
  3 drowned souls (Shoals:4)
  2 sixfirhies
  12 manticores
  10 vault sentinels
  2 octopodes (shapeshifter)
  2 moths of wrath
  An orange demon (Orc:4)
  A torpor snail (Lair:7)
  A gargoyle (D:10)
  18 spiny frogs
  7 komodo dragons
  22 yaktaurs
  8 demonic crawlers
  7 deep elf priests
  A tengu conjurer (Depths:1)
  A kobold demonologist (D:15)
  10 jumping spiders
  6 freezing wraiths
  A fire elemental (Depths:1)
  A troll (shapeshifter) (Vaults:4)
  3 wind drakes
  3 raiju (Lair:8)
  26 merfolk
  10 trolls
  A queen bee (shapeshifter) (Vaults:2)
  Grinder (D:6)
  Prince Ribbit (D:9)
  5 fire drakes
  9 polar bears
  An ice dragon zombie (D:15)
  4 fire vortices
  12 two-headed ogres
  26 blink frogs
  10 tarantella zombies (Spider:1)
  4 boulder beetles
  2 ravens (D:15)
  29 slime creatures
  3 wyverns
  A hornet zombie (D:15)
  9 water elementals
  A ynoxinul (Vaults:2)
  5 wraiths
  16 trapdoor spiders
  26 redbacks
  5 snapping turtles
  24 tarantellas
  A centaur simulacrum (D:13)
  7 deep elf magi
  An orc simulacrum (Vaults:1)
  48 yaks
  A fire bat (Volcano)
  A shadow (Vaults:2)
  Eustachio (D:6)
  13 hippogriffs
  8 deep elf fighters
  6 hogs
  3 mottled dragons
  4 basilisks
  A chaos spawn (Orc:4)
  16 vampire mosquitoes
  3 soldier ants (Spider:1)
  3 hungry ghosts
  9 wargs
  2 deep troll zombies
  16 wolves
  A hell hound (Lair:8)
  23 water moccasins
  5 phantoms
  13 porcupines
  4 ice beasts
  5 sky beasts
  2 ettin simulacra
  21 spiders
  2 black bears (shapeshifter)
  An eye of draining (D:15)
  A sky beast (shapeshifter) (Vaults:4)
  An eye of draining (shapeshifter) (Vaults:1)
  11 black bears (Lair:8)
  3 necrophages
  32 ogres
  38 orc warriors
  23 centaurs
  4 wasps (Spider:4)
  3 big kobolds
  14 crocodiles
  2 brain worms
  A boggart (D:15)
  A gnoll sergeant (D:9)
  6 spider zombies (Spider:1)
  A deep troll simulacrum (Vaults:2)
  2 human skeletons
  A human zombie (Vaults:3)
  18 giant frogs
  13 killer bees
  14 scorpions
  A wyvern skeleton (D:6)
  A water moccasin skeleton (D:8)
  A tengu skeleton (D:15)
  8 wights (D:8)
  3 jellies (D:7)
  11 electric eels
  11 crimson imps
  A quasit (D:13)
  3 centaur zombies
  A giant frog zombie (D:12)
  41 orc priests
  A gnoll shaman (D:9)
  3 centaur skeletons
  A giant frog skeleton (D:6)
  16 hounds
  Natasha (thrice) (D:2)
  19 sheep
  28 orc wizards
  13 iguanas
  17 worker ants
  A hound skeleton (D:9)
  3 mummies (Ossuary)
  A worker ant zombie (D:9)
  17 gnolls
  7 scorpion zombies (Ossuary)
  12 adders
  3 shadow imps
  93 river rats
  A white imp (Orc:4)
  An ufetubus (Vaults:2)
  2 oozes
  A worm zombie (D:7)
  An adder skeleton (D:8)
  A worm (D:2)
  8 giant geckos
  183 orcs
  A bat skeleton (D:8)
  A bat zombie (D:6)
  8 giant cockroaches
  5 gnoll zombies (Ossuary)
  20 goblins
  20 hobgoblins
  13 jackals
  33 kobolds
  8 quokkas
  14 bats
  A giant gecko skeleton (D:8)
  A giant gecko zombie (D:5)
  5 giant newts
  2 goblin zombies (Ossuary)
  2 hobgoblin zombies (Ossuary)
  A jackal skeleton (D:8)
  A kobold zombie (Ossuary)
  2 orc zombies (Ossuary)
  A quokka skeleton (D:4)
  A quokka zombie (D:9)
  13 rats
  A butterfly (Sewer)
  A fungus (D:11)
  6 plants
  6 tentacles (Shoals:4)
1803 creatures vanquished.

Vanquished Creatures (collateral kills)
  A flayed ghost (Depths:1)
1 creature vanquished.

Vanquished Creatures (others)
  A vault warden (Vaults:1)
  A ghost moth (Spider:2)
  2 emperor scorpions (Spider:4)
  An ironheart preserver (Vaults:3)
  A rakshasa (Depths:1)
  2 deep elf annihilators (Vaults:2)
  A crystal guardian (Vaults:3)
  A minotaur (Lab)
  A merfolk impaler (Shoals:4)
  An entropy weaver (Spider:1)
  67 spectral weapons
  2 merfolk avatars
  2 centaur warriors
  2 ogre magi
  A merfolk aquamancer (Shoals:1)
  A queen ant (Spider:1)
  3 death yaks
  2 deep elf knights
  4 skeletal warriors (D:15)
  2 slime creatures
  A death drake (shapeshifter) (Vaults:1)
  2 sea snakes (Shoals:4)
  4 orc knights
  A deep troll (D:15)
  A hill giant (Vaults:1)
  A phantasmal warrior (D:15)
  6 ugly things
  3 unseen horrors
  3 wolf spider zombies (Spider:1)
  An orb spider (Spider:1)
  A necromancer (D:15)
  A harpy (Shoals:3)
  2 cyclopes
  2 wolf spiders
  A tengu skeleton (Vaults:3)
  A water nymph (Shoals:2)
  2 griffons
  3 drowned souls
  A hornet (Spider:2)
  A centaur zombie (D:14)
  A shadow dragon skeleton (Vaults:3)
  3 elephants
  4 vault sentinels
  A black mamba (Lair:4)
  A demonic crawler (Spider:3)
  4 yaktaurs
  A komodo dragon (Lair:8)
  A spiny frog (Lair:2)
  A two-headed ogre (Volcano)
  A merfolk (Shoals:4)
  A wind drake (Shoals:4)
  A tarantella zombie (Spider:2)
  A boulder beetle (Vaults:1)
  A spriggan zombie (D:15)
  A fire vortex (Vaults:3)
  An ettin skeleton (Vaults:1)
  2 redbacks
  A trapdoor spider (Spider:3)
  3 yaks
  A tarantella (Spider:1)
  A hippogriff (Lair:5)
  A deep elf fighter (Volcano)
  A porcupine (Lair:1)
  A warg (Vaults:3)
  2 ogres
  A hell hound (Lair:8)
  2 orc warriors (Orc:4)
  A black bear (Lair:8)
  2 water moccasins
  A spider (Spider:1)
  A tengu (Shoals:2)
  4 centaurs
  A big kobold (D:13)
  A water moccasin skeleton (D:10)
  An electric eel (D:12)
  An orc priest (D:12)
  2 orc wizards
  A sheep (Lair:8)
  A gnoll (D:9)
  3 river rats
  3 orcs
  A goblin (Orc:1)
  2 butterflies
  9 fungi
  22 plants
  21 tentacles (Shoals:4)
  243 tentacle segments (Shoals:4)
497 creatures vanquished.

Grand Total: 2301 creatures vanquished

Notes
Turn   | Place    | Note
--------------------------------------------------------------
     0 | D:1      | eDNA the Merfolk Skald began the quest for the Orb.
     0 | D:1      | Reached XP level 1. HP: 16/16 MP: 3/3
     0 | D:1      | Noticed a troll
     0 | D:1      | Noticed a formicid
     2 | D:1      | Noticed a gargoyle
     6 | D:1      | Noticed a ghoul
     7 | D:1      | Noticed a gargoyle
     8 | D:1      | Noticed an elf
    10 | D:1      | Noticed a naga
    12 | D:1      | Noticed a human
    14 | D:1      | Noticed a gargoyle
    14 | D:1      | Noticed a troll
    16 | D:1      | Noticed a vampire
    16 | D:1      | Noticed a felid
    16 | D:1      | Noticed a naga
   290 | D:1      | Reached XP level 2. HP: 13/22 MP: 1/5
   510 | D:1      | Learned a level 2 spell: Shroud of Golubria
   964 | D:1      | Reached skill level 4 in Polearms
  1693 | D:2      | Reached XP level 3. HP: 27/27 MP: 0/6
  1854 | D:2      | Noticed Natasha
  1871 | D:2      | Killed Natasha
  1983 | D:2      | Noticed Natasha
  2156 | D:2      | Killed Natasha
  2156 | D:2      | Reached skill level 5 in Polearms
  2156 | D:2      | Reached XP level 4. HP: 23/33 MP: 0/7
  2449 | D:2      | Noticed Natasha
  2581 | D:1      | Learned a level 3 spell: Regeneration
  3063 | D:2      | Found a burning altar of Makhleb.
  3076 | D:2      | Reached XP level 5. HP: 36/38 MP: 1/8
  3220 | D:2      | Reached skill level 6 in Polearms
  3234 | D:2      | Killed Natasha
  3952 | D:3      | Found a glowing drain.
  3965 | Sewer    | Entered a sewer
  4030 | Sewer    | Noticed a crocodile
  4042 | Sewer    | Killed a crocodile
  4042 | Sewer    | Reached skill level 7 in Polearms
  4042 | Sewer    | Reached skill level 5 in Dodging
  4042 | Sewer    | Reached XP level 6. HP: 44/44 MP: 9/9
  4055 | Sewer    | Identified the Collected Works on Boosts
  4583 | D:3      | Found a sparkling altar of Nemelex Xobeh.
  4822 | D:3      | Found a shadowy altar of Dithmenos.
  4856 | D:3      | Noticed a sky beast
  4875 | D:3      | Killed a sky beast
  4875 | D:3      | Reached skill level 8 in Polearms
  5396 | D:4      | Reached XP level 7. HP: 45/50 MP: 10/10
  5424 | D:4      | Found a staircase to the Ecumenical Temple.
  5451 | D:4      | Found a snail-covered altar of Cheibriados.
  5475 | Temple   | Entered the Ecumenical Temple
  5512 | Temple   | Became a worshipper of Warmaster Okawaru
  5851 | D:4      | Reached skill level 9 in Polearms
  5890 | D:4      | Found an opulent altar of Gozag.
  6332 | D:4      | Acquired Okawaru's first power
  6685 | D:5      | Entered Level 5 of the Dungeon
  6751 | D:5      | Reached skill level 10 in Polearms
  6760 | D:5      | Noticed wvc's ghost (experienced OpAs)
  6790 | D:5      | Killed wvc's ghost
  6790 | D:5      | Reached skill level 11 in Polearms
  6790 | D:5      | Reached XP level 8. HP: 44/56 MP: 11/11
  7164 | D:5      | Learned a level 2 spell: Repel Missiles
  7246 | D:5      | Reached skill level 12 in Polearms
  7605 | D:6      | Reached XP level 9. HP: 57/61 MP: 12/12
  7610 | D:6      | Learned a level 3 spell: Spectral Weapon
  7720 | D:6      | Reached skill level 13 in Polearms
  7728 | D:6      | Noticed Grinder
  7730 | D:6      | Paralysed by Grinder for 6 turns
  7756 | D:6      | Killed Grinder
  7857 | D:6      | Found a basalt altar of Yredelemnul.
  7877 | D:6      | Acquired Okawaru's second power
  7956 | D:6      | Noticed Eustachio
  7966 | D:6      | Killed Eustachio
  8074 | D:6      | Noticed nago's ghost (experienced DsGl)
  8111 | D:6      | Killed nago's ghost
  8111 | D:6      | Received a gift from Okawaru
  8111 | D:6      | Reached skill level 14 in Polearms
  8111 | D:6      | Reached XP level 10. HP: 63/71 MP: 15/15
  8246 | D:6      | Found a deep blue altar of Sif Muna.
  8357 | D:7      | Found a sand-covered staircase.
  8369 | Ossuary  | Entered an ossuary
  8422 | Ossuary  | Reached skill level 5 in Charms
  8617 | Ossuary  | Reached skill level 10 in Dodging
  8676 | Ossuary  | Reached skill level 1 in Invocations
  8759 | D:7      | Received a gift from Okawaru
  9380 | D:7      | Gained mutation: You are partially covered in rugged brown scales (AC +1, +3% HP). [potion of beneficial mutation]
  9613 | D:8      | Found a white marble altar of Elyvilon.
  9705 | D:8      | Noticed Gastronok
  9709 | D:8      | Reached skill level 5 in Fighting
  9722 | D:8      | Killed Gastronok
  9722 | D:8      | Reached skill level 15 in Polearms
  9722 | D:8      | Reached XP level 11. HP: 51/82 MP: 12/17
  9885 | D:8      | Noticed a hill giant
  9895 | D:8      | Killed a hill giant
  9912 | D:8      | Received a gift from Okawaru
 10102 | D:8      | Got a transparent bardiche {god gift}
 10103 | D:8      | Identified the +4 bardiche "Kuthisui" {distort, rC+ MP+9 Int-3 SInv} (Okawaru gifted it to you on level 8 of the Dungeon)
 10492 | D:9      | Found a shimmering altar of Xom.
 10694 | D:9      | Noticed Prince Ribbit
 10748 | D:9      | Killed Prince Ribbit
 10748 | D:9      | Reached skill level 5 in Spellcasting
 11750 | D:10     | Entered Level 10 of the Dungeon
 11750 | D:10     | Noticed a hill giant
 11757 | D:9      | Killed a hill giant
 11939 | D:10     | Learned a level 2 spell: Blink
 12016 | D:10     | Reached skill level 16 in Polearms
 12656 | D:11     | Received a gift from Okawaru
 12670 | D:11     | Found a staircase to the Lair.
 12728 | Lair:1   | Entered Level 1 of the Lair of Beasts
 12741 | Lair:1   | Noticed Narqulie's ghost (experienced HOBe)
 12756 | D:11     | Noticed Snorg
 12759 | D:11     | Reached skill level 5 in Invocations
 13185 | D:11     | Reached XP level 12. HP: 73/91 MP: 20/20
 13273 | D:11     | Noticed Fannar
 13389 | D:11     | Found Fabuces's Gadget Shoppe.
 13395 | D:11     | Banished Fannar
 13464 | D:11     | Banished Snorg
 13632 | Lair:1   | Killed Narqulie's ghost
 13698 | Lair:1   | Found a shimmering altar of Xom.
 13810 | Lair:1   | Gained mutation: Your spells are a little harder to cast, but a little more powerful. [potion of beneficial mutation]
 14150 | Lair:1   | Received a gift from Okawaru
 14150 | Lair:1   | Reached skill level 5 in Evocations
 14153 | Lair:1   | Reached skill level 17 in Polearms
 15299 | Lair:2   | Reached skill level 1 in Armour
 15430 | Lair:2   | Noticed a four-headed hydra
 15463 | Lair:2   | Noticed a four-headed hydra
 15471 | Lair:2   | Drew Focus: Int increased to 15, Dex decreased to 13
 15473 | Lair:2   | Killed a four-headed hydra
 15473 | Lair:2   | Reached XP level 13. HP: 84/100 MP: 23/23
 15569 | Lair:2   | Learned a level 3 spell: Ozocubu's Armour
 16295 | Lair:3   | Received a gift from Okawaru
 16336 | Lair:3   | Found a hole to the Spider Nest.
 16864 | Lair:4   | Noticed Urug
 16960 | Lair:4   | Got a steaming ring mail
 16979 | Lair:4   | Identified the cursed +1 ring mail of Dithmenos's Supremacy {Str+3 Stlth+} (You found it on level 4 of the Lair of Beasts)
 17098 | Lair:4   | Reached skill level 18 in Polearms
 17584 | Lair:5   | Found a staircase to the Snake Pit.
 17682 | Lair:5   | Received a gift from Okawaru
 17925 | Lair:5   | Found a staircase to the Shoals.
 18462 | Lair:6   | Found a dark tunnel.
 18469 | Volcano  | Entered a volcano
 18812 | Lair:5   | Got an iridescent glaive {god gift}
 19002 | Lair:6   | Received a gift from Okawaru
 19010 | Lair:6   | Reached XP level 14. HP: 63/109 MP: 25/25
 19017 | Lair:6   | Got a pair of faintly humming gloves {god gift}
 19332 | Lair:6   | Gained mutation: You expend magic power (3 MP) to strengthen your wands. [mutagenic glow]
 19772 | Lair:7   | mm
 19816 | Lair:7   | Noticed Josephine
 19854 | Lair:7   | Killed Josephine
 20161 | Lair:7   | Found a staircase to the Slime Pits.
 20161 | Lair:7   | Found a viscous altar of Jiyva.
 20393 | Lair:7   | Reached skill level 19 in Polearms
 20534 | Lair:7   | Received a gift from Okawaru
 20653 | Lair:7   | Noticed Maud
 20666 | Lair:7   | Killed Maud
 20872 | Lair:8   | Entered Level 8 of the Lair of Beasts
 20884 | Lair:8   | Identified the +1 pair of gloves of Inviolability {*Confuse rPois Dex+8 Stlth-} (Okawaru gifted it to you on level 6 of the Lair of Beasts)
 20961 | Lair:8   | Noticed hyperkellhus's ghost (powerful GrCK)
 21129 | Lair:8   | Identified the +7 glaive "Giantbane" {pain, Str-2 Dex+9} (Okawaru gifted it to you on level 5 of the Lair of Beasts)
 21131 | Lair:8   | Reached skill level 10 in Charms
 21131 | Lair:8   | Reached XP level 15. HP: 116/118 MP: 27/27
 21291 | Lair:3   | Got a shimmering bardiche {god gift}
 21293 | Lair:3   | Identified the +2 bardiche of Kees Ceugo {freeze, *Noise rN+ Dex+2} (Okawaru gifted it to you on level 3 of the Lair of Beasts)
 21441 | Lair:5   | Received a gift from Okawaru
 21446 | Lair:5   | Got a faintly glowing bardiche {god gift}
 21569 | Lair:8   | Found a shimmering altar of Xom.
 22418 | Lair:8   | Received a gift from Okawaru
 22418 | Lair:8   | Reached skill level 20 in Polearms
 22492 | Lair:8   | Learned a level 6 spell: Haste
 22521 | Lair:8   | Reached XP level 16. HP: 112/125 MP: 28/28
 22816 | Lair:8   | Reached skill level 15 in Dodging
 22984 | Lair:1   | HP: 2/125 [acid (10)]
 23176 | D:11     | Bought a lamp of fire for 680 gold pieces
 23985 | D:12     | Found a staircase to the Orcish Mines.
 24496 | D:12     | Got a twitching granite ring
 24597 | Orc:1    | Entered Level 1 of the Orcish Mines
 24790 | Orc:1    | Identified the +1 bardiche "Qivus" {pain, MR+ Dex+4 SInv} (Okawaru gifted it to you on level 5 of the Lair of Beasts)
 24949 | Lair:2   | Identified the ring "Keit" {rN+ MR+ Int+4} (You took it off an orc on level 12 of the Dungeon)
 25169 | Orc:2    | Found a roughly hewn altar of Beogh.
 25454 | Orc:1    | Noticed Erolcha
 25640 | Orc:1    | Noticed Harold
 25727 | Orc:1    | Killed Harold
 25727 | Orc:1    | Received a gift from Okawaru
 25737 | Orc:1    | Got an ichor-stained glaive {god gift}
 26551 | Orc:4    | Entered Level 4 of the Orcish Mines
 26556 | Orc:4    | Noticed Saint Roka
 26580 | Orc:3    | Killed Saint Roka
 26861 | Orc:4    | Noticed WhatIsLove's ghost (powerful HOSu)
 26882 | Orc:4    | Killed WhatIsLove's ghost
 27096 | Orc:4    | Found a staircase to the Elven Halls.
 28049 | Orc:4    | Received a gift from Okawaru
 28157 | Orc:4    | Found Beobru's Weapon Shoppe.
 28160 | Orc:4    | Found Ceygeo's Distillery.
 28161 | Orc:4    | Found Haimuivy's Distillery.
 28162 | Orc:4    | Found Kynuq's Weapon Shoppe.
 28165 | Orc:4    | Bought a potion of resistance for 140 gold pieces
 28166 | Orc:4    | Bought a potion of heal wounds for 55 gold pieces
 28529 | Spider:1 | Entered Level 1 of the Spider Nest
 28600 | Spider:1 | Noticed Kirke
 28639 | Spider:1 | Banished Kirke
 28827 | Spider:2 | Reached XP level 17. HP: 130/130 MP: 30/30
 28934 | Spider:2 | Received a gift from Okawaru
 28938 | Spider:2 | Got a pair of heavily runed gloves {god gift}
 28949 | Spider:2 | Identified the +2 pair of gloves "Jefang" {Str+2} (Okawaru gifted it to you on level 2 of the Spider Nest)
 29186 | Lair:4   | Identified the +4 glaive "Killer Bee's Foe" {chop, Int+4} (Okawaru gifted it to you on level 1 of the Orcish Mines)
 29249 | Lair:2   | Killed a six-headed hydra
 29633 | Spider:1 | Reached skill level 10 in Spellcasting
 29883 | Spider:1 | Noticed Rupert
 29909 | Spider:1 | Killed Rupert
 29924 | Spider:1 | Reached skill level 21 in Polearms
 30076 | Spider:1 | Noticed Asterion
 30191 | Spider:1 | Killed Asterion
 30645 | Spider:3 | Received a gift from Okawaru
 30926 | Spider:3 | Received a gift from Okawaru
 31021 | Spider:4 | Entered Level 4 of the Spider Nest
 32034 | Spider:4 | Received a gift from Okawaru
 32141 | Spider:4 | Lost mutation: You expend magic power (3 MP) to strengthen your wands. [potion of cure mutation]
 32265 | Spider:4 | Reached XP level 18. HP: 138/138 MP: 33/33
 32337 | Spider:4 | Got a gossamer rune of Zot
 32390 | Spider:4 | Reached skill level 22 in Polearms
 32775 | Shoals:1 | Entered Level 1 of the Shoals
 32797 | Shoals:1 | You fall through a shaft!
 33035 | Shoals:1 | Noticed Roxanne
 33058 | Shoals:1 | Banished Roxanne
 33621 | Shoals:2 | Noticed Nikola
 33631 | Shoals:2 | Killed Nikola
 33631 | Shoals:2 | Received a gift from Okawaru
 33632 | Shoals:2 | Got a pair of faintly glowing boots {god gift}
 33643 | Shoals:2 | Identified the +0 pair of boots of Jofemo {Int+2} (Okawaru gifted it to you on level 2 of the Shoals)
 33644 | Shoals:2 | Got a pair of slimy gloves
 33661 | Shoals:2 | Identified the +0 pair of gloves of Juytueck {-Tele Dex+3 Slay+2} (You took it off Nikola on level 2 of the Shoals)
 33936 | Shoals:2 | Identified a scroll of acquirement
 33938 | Shoals:2 | Hired Sukocira the tengu for 118 gold.
 33979 | Shoals:2 | Noticed Jorgrun
 34295 | Shoals:2 | Your ally Sukocira died
 34311 | Shoals:2 | Killed Jorgrun
 34719 | Shoals:3 | Reached skill level 23 in Polearms
 35213 | Shoals:4 | Entered Level 4 of the Shoals
 35215 | Shoals:4 | Noticed Ilsuiw
 35398 | Shoals:4 | Reached skill level 15 in Charms
 35569 | Shoals:4 | Received a gift from Okawaru
 35787 | Shoals:4 | Reached XP level 19. HP: 115/144 MP: 34/34
 35845 | Shoals:4 | Got an ichor-stained glaive {god gift}
 35846 | Shoals:4 | Identified the +11 glaive "Worm" {speed, Int+6} (Okawaru gifted it to you on level 4 of the Shoals)
 36052 | Shoals:4 | Received a gift from Okawaru
 36055 | Shoals:4 | Reached skill level 24 in Polearms
 36468 | Shoals:4 | Got a barnacled rune of Zot
 36591 | Shoals:4 | Banished Ilsuiw
 36795 | Shoals:4 | Reached skill level 25 in Polearms
 36893 | Lair:4   | Killed Urug
 37153 | D:13     | Found a gate to the Vaults.
 37536 | D:13     | Received a gift from Okawaru
 37959 | Vaults:1 | Entered Level 1 of the Vaults
 38172 | Vaults:1 | Reached skill level 26 in Polearms
 38249 | Vaults:1 | Received a gift from Okawaru
 38331 | Vaults:1 | Reached skill level 1 in Ice Magic
 38415 | Vaults:1 | Reached skill level 10 in Fighting
 38838 | Vaults:1 | Reached skill level 1 in Translocations
 38893 | Vaults:1 | Received a gift from Okawaru
 39313 | Vaults:2 | Reached skill level 5 in Armour
 39313 | Vaults:2 | Reached XP level 20. HP: 140/152 MP: 35/35
 39582 | Vaults:2 | Received a gift from Okawaru
 39741 | Vaults:2 | Found a staircase to the Crypt.
 40889 | Vaults:3 | Reached skill level 10 in Evocations
 41376 | Vaults:3 | Noticed Donald
 41391 | Vaults:3 | Killed Donald
 41391 | Vaults:3 | Received a gift from Okawaru
 41880 | Vaults:3 | Found a portal to a secret trove of treasure.
 41888 | Trove    | Entered a treasure trove
 41905 | Trove    | Got a distressingly furry animal skin
 41916 | Trove    | Identified the +1 animal skin "Wuplyos" {*Drain rF+ MP+9 Dex+2} (You found it in a treasure trove)
 41932 | Trove    | Got a dazzling chain mail
 41946 | Trove    | Got a jewelled longbow
 41947 | Trove    | Identified the cursed +0 longbow of the Grey Skies {venom, rF+ SInv} (You found it in a treasure trove)
 41959 | Trove    | Identified the +3 chain mail of Podaud {rC+ Dex+3} (You found it in a treasure trove)
 42194 | Vaults:3 | Reached skill level 5 in Ice Magic
 43126 | Vaults:4 | Reached XP level 21. HP: 150/164 MP: 36/36
 44164 | D:14     | Learned a level 4 spell: Condensation Shield
 44612 | D:15     | Entered Level 15 of the Dungeon
 44687 | D:15     | Found a labyrinth entrance.
 44721 | Lab      | Entered a labyrinth
 45174 | D:15     | Found a staircase to the Depths.
 45655 | Depths:1 | Entered Level 1 of the Depths
 45662 | Depths:1 | Was placed under penance by Okawaru
 46149 | Depths:1 | Was forgiven by Okawaru
 46353 | D:15     | HP: 3/168 [deep troll (12)]
 46353 | D:15     | Slain by a stone giant

Vault maps used:
D:1:      shiori_arrival_whats_in_store_for_you
D:2:      makhleb_grotto_becter, uniq_natasha
D:3:      lemuel_round_altar, grunt_dithmenos_smoke_and_mirrors,
          portal_sewer_entry_d
D:4:      cheibriados_altar_1, grunt_gozag_breadcrumbs,
          minmay_temple_entry_poolview, first_bread, minmay_hedge_maze,
          nrook_loot_triangle, st_stairs_7
D:6:      lemuel_blue_sif_altar, yredelemnul_altar_generic, uniq_grinder,
          uniq_eustachio
D:7:      enter_ossuary_3
D:8:      elyvilon_altar_1, uniq_gastronok
D:9:      basic_altar, uniq_prince_ribbit1
D:11:     due_lair_maze_entry_diamond, serial_shops, kennysheep_little_box,
          grunt_pizzeria, uniq_fannar, uniq_snorg
D:12:     cross_vault, hiddenorc2_lemuel
D:13:     wad_arrow_thing, david_vaults_1
D:15:     gammafunk_depths_entry_grave, lab_entry_generic,
          minmay_strange_pillars
Temple:   eino_temple_water_12
Lair:1:   lemuel_oklob_altar
Lair:2:   grunt_megastairs_3
Lair:3:   spider_nest_entry_web_field, infiniplex_staircase_pool,
          lemuel_fruit_fields, serial_bayou_shore_a
Lair:4:   patterned_corridor, grunt_megastairs_1, infiniplex_staircase_pool_2,
          uniq_urug
Lair:5:   minmay_shoals_entry_beasts, dummy_snake_entry, grunt_megastairs_2
Lair:6:   enter_volcano_2
Lair:7:   slime_altar_1, uniq_maud, uniq_josephine
Lair:8:   hangedman_lair_caniforms_friends, hangedman_lair_in_review,
          basic_altar, grunt_forest_small_clearing_treed
Shoals:1: uniq_roxanne
Shoals:2: uniq_nikola, uniq_jorgrun
Shoals:4: shoals_end_hangedman, shoal_ilsuiw
Spider:1: lemuel_spider_zombies, nicolae_spider_ant_collections, uniq_asterion,
          uniq_rupert, uniq_kirke
Spider:2: spider_trap, hangedman_spider_mandibles
Spider:4: spider_rune_water
Orc:1:    minmay_goldmine, basic_altar, amalloy_card_club, uniq_erolcha,
          uniq_harold
Orc:2:    basic_altar
Orc:3:    nicolae_orc_pool_cavern
Orc:4:    st_orc_pillars, uniq_saint_roka
Vaults:1: ontoclasm_vaults_decontamination, st_cells,
          hangedman_vaults_river_flow, nicolae_vaults_stairing_the_circle,
          hangedman_vaults_cutoff, ontoclasm_vaults_misaligned,
          nicolae_vaults_little_squares_6, hangedman_vaults_corner_blocks,
          ontoclasm_vaults_chip, vaults_mumra_hex, ontoclasm_vaults_shuriken
Vaults:2: hangedman_vaults_variations, hangedman_vaults_capsules,
          minmay_crypt_entry_simple_plaza, vaults_room_fours,
          hangedman_vaults_slice, ontoclasm_vaults_chip,
          vaults_room_stairs_pillars, nicolae_vaults_diagonal_hallway_7
Vaults:3: dpeg_vaults_monster_box, nicolae_vaults_octagons, v_misc_12,
          vaults_room_large_hall, ontoclasm_vaults_misaligned,
          nicolae_vaults_windows_and_doors_thing, v_alt_pattern_1,
          nicolae_vaults_yaktaur_gun_rack, nicolae_vaults_border_crossing,
          nicolae_vaults_alarming, nicolae_vaults_little_squares_2,
          hangedman_vaults_impose, enter_trove_3, uniq_donald
Vaults:4: hangedman_vaults_locks, hangedman_vaults_unwind, st_smaller_cells,
          vaults_room_fours, nicolae_vaults_little_squares_3,
          hangedman_vaults_cutoff, vaults_dpeg_diagonal, ontoclasm_vaults_tryst,
          hangedman_vaults_cutoff, nicolae_vaults_rhombus_6
Depths:1: enter_ziggurat_d, hell_entry, grunt_ministairs_14, onia_ninara_cookie
Lab:      labyrinth_watery, nicolae_lab_dead_end, lab_hedge,
          labyrinth_skeletal_remains
Trove:    trove_hunter_1
Sewer:    sewer_the_crocodile
Ossuary:  ossuary_minmay_scorpions
Volcano:  volcano_village

Action                   |  1- 3 |  4- 6 |  7- 9 | 10-12 | 13-15 | 16-18 | 19-21 || total
-------------------------+-------+-------+-------+-------+-------+-------+-------++-------
Melee: Spear             |   151 |    95 |       |       |       |       |       ||   246
       Halberd           |       |    69 |       |       |       |       |       ||    69
       Glaive            |       |    86 |   266 |   174 |       |       |       ||   526
       Trident           |       |       |       |   148 |       |       |       ||   148
       Bardiche          |       |       |       |   416 |   592 |  1624 |  1609 ||  4241
Throw: Stone             |       |     1 |       |       |       |       |       ||     1
       Javelin           |       |       |     6 |       |       |       |       ||     6
 Cast: Infusion          |    14 |     6 |     3 |     2 |       |       |       ||    25
       Shroud of Golubri |    10 |     6 |    10 |    24 |    10 |     4 |       ||    64
       Repel Missiles    |       |       |     1 |     1 |     2 |     5 |    12 ||    21
       Spectral Weapon   |       |       |       |    59 |    77 |    95 |    86 ||   317
       Regeneration      |       |       |       |    23 |    34 |    88 |    51 ||   196
       Ozocubu's Armour  |       |       |       |       |    39 |    62 |    70 ||   171
       Blink             |       |       |       |       |     2 |       |     4 ||     6
       Haste             |       |       |       |       |       |     1 |     4 ||     5
       Condensation Shie |       |       |       |       |       |       |     6 ||     6
Invok: Heroism           |       |       |       |     1 |     1 |     1 |       ||     3
       Finesse           |       |       |       |       |       |     1 |       ||     1
 Abil: Evoke Invisibilit |       |       |       |       |     2 |     2 |     1 ||     5
       Evoke Teleportati |       |       |       |       |       |       |     1 ||     1
Evoke: Wand              |       |     2 |       |     3 |    23 |    19 |     4 ||    51
       Deck              |       |       |       |     1 |       |     1 |       ||     2
       Lamp of fire      |       |       |       |       |       |     1 |     1 ||     2
       Disc of storms    |       |       |       |       |       |       |     1 ||     1
  Use: Scroll            |       |     3 |    10 |    19 |    13 |    13 |    15 ||    73
       Potion            |       |       |     1 |     6 |     2 |     8 |     6 ||    23
 Stab: Distracted        |       |       |     2 |     2 |     3 |    11 |    15 ||    33
       Sleeping          |       |       |       |       |     1 |       |       ||     1
       Invisible         |       |       |       |       |     2 |     3 |     1 ||     6
  Eat: Chunk             |     3 |     7 |    11 |    29 |    25 |    45 |    28 ||   148
       Bread ration      |     1 |       |       |       |       |       |     1 ||     2
       Fruit             |       |     1 |       |       |     4 |       |       ||     5
       Pizza             |       |       |       |     2 |     2 |     1 |     2 ||     7
       Royal jelly       |       |       |       |     2 |     1 |     1 |       ||     4
       Beef jerky        |       |       |       |       |     2 |     3 |       ||     5
       Meat ration       |       |       |       |       |       |       |     2 ||     2
